cohdb
Replays
Latest Replays
All Replays
Popular Replays
Top Player Replays
Match Explorer
How It Works
Community
CoH3 Stats
Reddit
Sign in to upload your games and track your stats! →
Sign in with Steam
Match 39184081
Unlisted
Match 39184081
Overview
Messages
Build Orders
End
Panzergrenadier Squad
Selects Battlefield Espionage Battlegroup
Selects Sector Subterfuge Beacon
Kradschützen Motorcycle Team
Panzergrenadier Squad
Panzergrenadier Squad
Construct Light Support Kompanie
MG34 Team
Selects Transfer Depots
Panzerjäger Mechanized Group
Construct Mechanized Kompanie
Selects 250/3 Funkpanzerwagen
8 Rad Armored Car
2.5-tonne Medical Truck
Veteran Squad Leaders
254 Reconnaissance Tractor
Selects Anti-Tank Incendiary Munitions
Selects Advanced Ambush Training
Tungsten Core Ammunition
Support Armor Elements
18-tonne Recovery Half-track
2.5-tonne Medical Truck
Andrax
mariopl97
BananaInPajamas
『BlackBear』
0
0
Comments
sign in to comment!
No comments posted yet!